 Dungeon Crawl Stone Soup version 0.29.1-15-g9cfb28693d (webtiles) character file.

Game seed: 17874150161144695710

31 safid the Chiller (level 3, -3/26 HPs)
             Began as a Merfolk Ice Elementalist on Apr 3, 2023.
             Frozen to death by an endoplasm (5 damage)
             ... on level 1 of the Dungeon.
             The game lasted 00:02:15 (1563 turns).

safid the Chiller (Merfolk Ice Elementalist)        Turns: 1563, Time: 00:02:16

Health: -3/26      AC:  3    Str:  8    XL:     3   Next: 22%
Magic:  4/6        EV: 12    Int: 16    God:
Gold:   41         SH:  0    Dex: 14    Spells: 3/7 levels left

rFire   . . .      SeeInvis .   d - +0 rapier
rCold   . . .      Faith    .   (no shield)
rNeg    . . .      Spirit   .   a - +0 robe
rPois   .          Reflect  .   (no helmet)
rElec   .          Harm     .   (no cloak)
rCorr   .          Rampage  .   f - +0 pair of gloves
Will    .....                   (no boots)
Stlth   ++........              (no amulet)
HPRegen 0.08/turn               (no ring)
MPRegen 0.10/turn               (no ring)

@: brilliant, lethally poisoned (-3 -> -5)
A: (nimble swimmer 2), mertail
a: no special abilities


You were on level 1 of the Dungeon.
You visited 1 branch of the dungeon, and saw 2 of its levels.

You collected 41 gold pieces.

Inventory:

Hand Weapons
 d - a +0 rapier (weapon)
Missiles
 o - 2 throwing nets
Armour
 a - a +0 robe (worn)
 f - a +0 pair of gloves (worn)
Scrolls
 h - a scroll of teleportation {unknown}
 i - a scroll of butterflies {unknown}
 j - a scroll of noise {unknown}
 l - a scroll of identify {unknown}
 m - 2 scrolls of enchant armour {unknown}
Potions
 b - a potion of magic
 c - a potion of curing {unknown}
 e - a potion of brilliance
 g - 2 potions of mutation {unknown}
 k - a potion of degeneration {unknown}
 n - a potion of attraction {unknown}


   Skills:
 + Level 1.5 Fighting
 - Level 2.6 Dodging
 - Level 2.1 Stealth
 + Level 2.5 Spellcasting
 + Level 4.8 Ice Magic


You had 3 spell levels left.
You knew the following spells:

 Your Spells              Type           Power      Damage    Failure   Level
a - Freeze                Ice            100%       1d11      2%          1
b - Frozen Ramparts       Ice            52%        1d8       9%          3

Your spell library contained the following spells:

 Spells                   Type           Power      Damage    Failure   Level
 Ozocubu's Armour         Ice            26%        N/A       9%          3
 Ensorcelled Hibernation  Hex/Ice        28%        N/A       11%         2
 Spider Form              Tmut/Pois      3%         N/A       52%         3
 Hailstorm                Conj/Ice       14%        3d5       58%         4
 Anguish                  Hex/Necr       1%         N/A       89%         4


Dungeon Overview and Level Annotations

Branches:
Dungeon (2/15)

Altars:


Innate Abilities, Weirdness & Mutations

((You are very nimble when in or above water. (Stealth+, EV+, Speed+++)))
Your lower body shifts to a powerful aquatic tail in water.


Message History

You are more poisoned.
The adder poisons you! The bat attacks as you move away!
The bat barely misses you.
You feel very sick. The bat hits you but does no damage. The bat hits you.
There is a stone staircase leading up here.
You can't go down here!
You feel sick. The bat hits you but does no damage.
The adder bites you but does no damage. The endoplasm barely misses you.
You climb upwards.
You feel sick.
There is a stone staircase leading down here.
Unknown command.
Casting: Freeze (safe; 2% risk of failure)
Confirm with . or Enter, or press ? or * to list all spells.
Aiming: Freeze (safe; 2% risk of failure)
Press: ? - help, Shift-Dir - straight line, f - endoplasm
Aim: an endoplasm You freeze the endoplasm.
The endoplasm is heavily wounded.
You feel sick. The adder closely misses you. The endoplasm barely misses you.
The adder bites you but does no damage.
Casting: Freeze (safe; 2% risk of failure)
Confirm with . or Enter, or press ? or * to list all spells.
Aiming: Freeze (safe; 2% risk of failure)
Press: ? - help, Shift-Dir - straight line, f/p - endoplasm
Aim: an endoplasm (heavily wounded)
You freeze the endoplasm.
The endoplasm is severely wounded.
You feel sick. The endoplasm freezes you.
You are frozen.
* * * LOW HITPOINT WARNING * * *
The adder closely misses you.
It was a potion of brilliance.
You feel clever all of a sudden.
* * * LOW HITPOINT WARNING * * *
You feel sick. The adder closely misses you. The endoplasm freezes you.
You are frozen.
You die...

#........#
#########..#..######
#....#.........#....
#...................
####.#.#.......#.#..
######....#.#.###...#.#..
#....#.###....#.......#..
#....#.###..#.#.###.#.#..
#....#.#@J..........#.#..
#....#.#S##.###..####.#..
##....#.#.##.###..####.#..
#.....#.#.##..............
#.....#.#'######........#.
#.....#..............#....
#.....'..........###.#..##
#.....##.........# #.#....
#.....++.........# #.#..##


You could see an adder and an endoplasm.

Vanquished Creatures
  An orc (D:2)
  4 endoplasms (D:1)
  2 giant cockroaches
  A goblin (D:1)
  3 hobgoblins
  3 jackals (D:1)
  2 kobolds (D:1)
  3 quokkas
  3 ball pythons (D:1)
  2 rats
24 creatures vanquished.

Vanquished Creatures (others)
  3 fungi (D:2)
  2 plants (D:2)
5 creatures vanquished.

Grand Total: 29 creatures vanquished

Notes
Turn   | Place    | Note
-------+----------+-------------------------------------------
     0 | D:1      | safid the Merfolk Ice Elementalist began the quest for the
                  | Orb.
     0 | D:1      | Reached XP level 1. HP: 13/13 MP: 3/3
   392 | D:1      | Reached XP level 2. HP: 3/20 MP: 1/5
   767 | D:1      | Reached skill level 1 in Fighting
  1346 | D:1      | Reached XP level 3. HP: 20/26 MP: 2/6
  1435 | D:1      | Learned a level 3 spell: Frozen Ramparts
  1563 | D:1      | Frozen to death by an endoplasm

Illustrated notes

Levels and vault maps discovered:
D:1:      dpeg_arrival_tiny_d, layout_basic, dk_noncrumbling_3
D:2:      cheibrodos_old_hovel, layout_rooms, shapermc_ecumenical_altar_petra

Skill      XL: |  1  2 |
---------------+-------+-----
Fighting       | 1 |  1.5
Dodging        | |  2.6
Stealth        | |  2.1
Spellcasting   | |  2.5
Ice Magic      | |  4.8

Action                   || total
-------------------------++-------
Melee: Rapier            ||    29
 Cast: Freeze            ||    23
  Use: Potion            ||     1
 Stab: Sleeping          ||     4
Armor: Robe              ||    13
Dodge: Dodged            ||    39
